 Dungeon Crawl Stone Soup version 0.28-a0-998-gb9e9c7b67e (webtiles) character file.

Game seed: 18239033409185885230

14097 Hazorath the Cleaver (level 11, -2/92 (93) HPs)
             Began as a Palentonga Fighter on Dec 5, 2021.
             Was a High Priest of Okawaru.
             Shot with an arrow by a minotaur (5 damage)
             ... in a Gauntlet.
             The game lasted 00:30:10 (12743 turns).

Hazorath the Cleaver (Palentonga Fighter)          Turns: 12743, Time: 00:30:10

HP:   -2/92 (93)    AC: 22    Str: 26    XL:     11   Next: 84%
MP:   11/16         EV: 12    Int: 13    God:    Okawaru [*****.]
Gold: 384           SH:  8    Dex: 13    Spells: 10/10 levels left

rFire   . . .      SeeInvis +   a - +1 war axe
rCold   . . .      Faith    .   u - +2 buckler
rNeg    . . .      Spirit   .   s - +0 swamp dragon scales
rPois   +          Reflect  .   C - +0 helmet
rElec   .          Harm     .   k - +1 cloak {rCorr}
rCorr   +          Rampage  .   B - +1 pair of gloves {Dex+3}
Will    .....      NoTele   +   (no barding)
Stlth   ++........              t - amulet of regeneration
HPRegen 1.05/turn               F - ring of Charity {rCorr Str+3 Int+4}
MPRegen 0.15/turn               (no ring)

@: heroic, finesse-ful, lightly drained, curled up
A: large, rugged brown scales 3, see invisible, deformed body, roll 1, armoured
tail, reflexive curl
a: Rolling Charge, Renounce Religion, Heroism, Finesse, Duel


You were in a Gauntlet.
You worshipped Okawaru.
Okawaru was extremely pleased with you.
You visited 3 branches of the dungeon, and saw 13 of its levels.
You also visited: Gauntlet.

You collected 720 gold pieces.
You spent 336 gold pieces at shops.

Inventory:

Hand Weapons
 a - a +1 war axe (weapon)
 b - the +3 flail "Ziuli" {freeze, Int+4 Dex+7}
   (You found it on level 6 of the Dungeon)

   It freezes those it strikes, dealing additional cold damage.
   It can also slow down cold-blooded creatures.
   Int:       It affects your intelligence (+4).
   Dex:       It affects your dexterity (+7).
Missiles
 i - 18 poisoned darts
Armour
 k - a +1 cloak of preservation (worn)
 o - a +0 scale mail
 s - +0 swamp dragon scales (worn)
 u - a +2 buckler (worn)
 w - a +0 chain mail
 y - a +0 plate armour
 z - +0 steam dragon scales
 B - a +1 pair of gloves of dexterity (worn)
 C - a +0 helmet (worn)
 E - a +3 chain mail
Jewellery
 g - a ring of ice
 m - the ring "Egehijig" {*Corrode Fly rElec Str+4}
   (You found it on level 4 of the Dungeon)

   [ring of flight]

   Str:       It affects your strength (+4).
   rElec:     It insulates you from electricity.
   Fly:       It grants you flight.
   *Corrode:  It may corrode you when you take damage.
 t - an amulet of regeneration (around neck)
 F - the ring of Charity (left hand) {rCorr Str+3 Int+4}
   (You found it in a Gauntlet)

   [ring of resist corrosion]

   Str:       It affects your strength (+3).
   Int:       It affects your intelligence (+4).
   rCorr:     It protects you from acid and corrosion.
Wands
 r - a wand of digging (7)
 v - a wand of flame (8)
Scrolls
 c - a scroll of enchant weapon
 e - a scroll of blinking
 j - 4 scrolls of teleportation
 A - a scroll of fear
 D - a scroll of identify
Potions
 d - a potion of lignification
 f - 3 potions of curing
 h - 2 potions of flight
 l - a potion of cancellation
 n - a potion of brilliance
 p - 2 potions of mutation
 q - a potion of ambrosia
 x - a potion of attraction


   Skills:
 + Level 8.5(13.5) Fighting
 * Level 14.9(19.9) Axes
 - Level 4.0(9.0) Armour
 - Level 4.0(9.0) Dodging
 - Level 2.4(7.4) Shields
 + Level 7.6 Invocations


You had 10 spell levels left.
You didn't know any spells.
Your spell library contained the following spells:

 Spells                   Type           Power      Damage    Failure   Level
 Ensorcelled Hibernation  Hex/Ice        0%         N/A       54%         2
 Scorch                   Fire           0%         2d5       54%         2
 Airstrike                Air            0%         N/A       99%         4
 Flame Wave               Conj/Fire      0%         2d4       99%         4
 Lightning Bolt           Conj/Air       0%         1d11      100%        5
 Conjure Ball Lightning   Conj/Air       0%         3x3d6     100%        6
 Discord                  Hex            0%         N/A       100%        8
 Disjunction              Tloc           0%         N/A       100%        8
 Tukima's Dance           Hex            Unusable   N/A       N/A         3
 Summon Lightning Spire   Summ/Air       Unusable   N/A       N/A         4
 Summon Cactus Giant      Summ           Unusable   N/A       N/A         6

Dungeon Overview and Level Annotations

Branches:
Dungeon (11/15)            Temple (1/1) D:5            Lair (1/6) D:10
Gauntlet (1/1)
    Orc: D:9-12

Altars:
Ashenzari
Cheibriados
Dithmenos
Elyvilon
Fedhas
Gozag
Hepliaklqana
Kikubaaqudgha
Makhleb
Nemelex Xobeh
Okawaru
Qazlal
Ru
Sif Muna
Trog
Uskayaw
Vehumet
Wu Jian
Xom
Yredelemnul
Zin
The Shining One

Shops:
D:1 *   D:10 [

Portals:
Trove: D:11 (give 4 scrolls of fog)

Annotations:
D:5 1 runed translucent door, Crazy Yiuf
D:11 3 runed translucent doors, Redcow54321's ghost, novice TrFi Gauntlet 6 transporters, 3 runed translucent doors, exclusion: oklob plant


Innate Abilities, Weirdness & Mutations

You are completely covered in rugged brown scales. (AC +3, +7% HP)
You have supernaturally acute eyesight. (SInv)
Armour fits poorly on your strangely shaped body.
You can roll at nearby foes to attack.
You have a long armoured tail.
You curl defensively after being hit. (AC +7*)


Message History

It is covered in frost.
The minotaur shoots an arrow.
The arrow hits you!! The arrow freezes you!
Okay, then.
Okay, then.
You gain the combat prowess of a mighty hero.
You can now deal lightning-fast blows.
Okay, then.
Roll where?
Press: ? - help, Q - select action, (/) - cycle Dir - move target, f - minotaur
Aim: a minotaur, wielding a +0 shortbow of freezing, wearing a +0 chain mail and quivering arrows You roll forward with a clatter of scales!
You closely miss the minotaur.
Your tail-slap misses the minotaur.
The minotaur unwields a +0 shortbow of freezing.
The minotaur wields a +0 morningstar.
The minotaur hits you with a +0 morningstar.
The minotaur gores you but does no damage.
You barely miss the minotaur.
The minotaur furiously retaliates!
The minotaur headbutts you!
Your tail-slap misses the minotaur.
The minotaur unwields a +0 morningstar.
The minotaur wields a +0 shortbow of freezing.
It is covered in frost.
The minotaur shoots an arrow.
The arrow hits you!
* * * LOW HITPOINT WARNING * * *
The arrow freezes you.
* * * LOW HITPOINT WARNING * * *
The minotaur shoots an arrow.
You block the arrow.
The minotaur shoots an arrow.
You block the arrow.
The minotaur shoots an arrow.
You block the arrow.
The minotaur shoots an arrow.
The arrow hits you!
* * * LOW HITPOINT WARNING * * *
The arrow freezes you.
* * * LOW HITPOINT WARNING * * *
Okay, then.
Okay, then.
Okay, then.
Unknown command.
The minotaur shoots an arrow.
The arrow hits you!
* * * LOW HITPOINT WARNING * * *
The arrow freezes you.
You die...

##≈###≈## #≈≈≈#≈≈≈#
#≈...... ##.#####
#...##≈.#.##©
##########.8.#≈≈.#.)##
####........#...##≈.#...#
#....######.#.8.###.#©##.
#.####..@.#.#...##..###.#
#.#....####.#.8.#...##..#
#..H#### .#.#...#.∩.#....
#.#.# .#.#.©.#...#####
#.#.# H#.....#.8.....#
#.#H# .#.#.©.#...#####
#.#.#### .#.#...#.∩.#[..^
#.#....##.#.#.8.#...#:##.
#.####..H.#.#...##..##..#


You could see a minotaur.

Vanquished Creatures
  A fire dragon (D:10)
  A catoblepas (Gauntlet)
  A tengu warrior (Gauntlet)
  A two-headed ogre (D:8)
  Nergalle (Lair:1)
  Sonja (D:10)
  A death drake (Gauntlet)
  A wolf spider zombie (Gauntlet)
  4 gargoyles
  Maggie (D:8)
  2 cane toads (Lair:1)
  Psyche (D:8)
  2 komodo dragons (Lair:1)
  A tengu conjurer (Gauntlet)
  A troll (D:11)
  A hornet (D:4)
  Grinder (D:4)
  A meliai zombie (Gauntlet)
  Prince Ribbit (D:5)
  Eustachio (D:5)
  A wraith (D:10)
  11 yaks
  A steam dragon (D:8)
  2 water moccasins (D:7)
  A spectral hornet (Gauntlet)
  5 orc warriors
  A sky beast (D:6)
  A necrophage (D:7)
  2 centaurs
  4 ogres
  A kobold brigand (D:9)
  4 bullfrogs
  A gnoll sergeant (D:7)
  4 scorpions
  A wyvern zombie (D:7)
  4 howler monkeys
  4 wights (D:9)
  2 centaur zombies
  A jelly (D:6)
  3 hounds
  A gnoll shaman (D:7)
  3 orc priests
  5 iguanas
  A scorpion zombie (D:5)
  Natasha (twice) (D:2)
  5 orc wizards
  A killer bee zombie (D:8)
  2 howler monkey zombies
  8 gnolls (D:7)
  6 adders
  A white imp (D:7)
  5 ufetubi
  An adder skeleton (D:4)
  3 worms
  2 dart slugs
  22 orcs
  5 bats
  7 endoplasms
  3 giant cockroaches
  6 goblins
  3 hobgoblins
  4 jackals (D:1)
  12 kobolds
  2 quokkas (D:3)
  5 ball pythons
  2 frilled lizards (D:2)
  8 rats
204 creatures vanquished.

Vanquished Creatures (others)
  5 plants
5 creatures vanquished.

Grand Total: 209 creatures vanquished

Notes
Turn   | Place    | Note
-------+----------+-------------------------------------------
     0 | D:1      | Hazorath the Palentonga Fighter began the quest for the
                  | Orb.
     0 | D:1      | Reached XP level 1. HP: 19/19 MP: 1/1
   134 | D:1      | Reached XP level 2. HP: 23/25 MP: 2/2
   244 | D:1      | Found Joit's General Store.
   777 | D:2      | Noticed Natasha
   850 | D:2      | Reached skill level 3 in Axes
   884 | D:2      | Reached XP level 3. HP: 23/31 MP: 3/3
   903 | D:2      | Killed Natasha
   914 | D:2      | Reached XP level 4. HP: 13/39 MP: 4/4
  1132 | D:2      | Found a faded altar of an unknown god.
  1397 | D:2      | Noticed Natasha
  1400 | D:2      | Killed Natasha
  1401 | D:2      | Reached skill level 4 in Axes
  2450 | D:4      | Reached XP level 5. HP: 44/44 MP: 5/5
  2559 | D:4      | Identified the ring "Egehijig" {*Corrode Fly rElec Str+4}
  2572 | D:4      | Noticed Grinder
  2576 | D:4      | Killed Grinder
  2577 | D:4      | Reached skill level 5 in Axes
  2577 | D:4      | Reached XP level 6. HP: 52/52 MP: 6/6
  2860 | D:4      | Noticed a hornet
  2867 | D:4      | Paralysed by a hornet for 1 turns
  2868 | D:4      | Killed a hornet
  2869 | D:4      | Reached skill level 5 in Fighting
  2869 | D:4      | Reached skill level 6 in Axes
  2869 | D:4      | Gained mutation: You curl defensively after being hit. (AC
                  | +7*) [Palentonga growth]
  2869 | D:4      | Reached XP level 7. HP: 23/59 MP: 7/7
  3222 | D:4      | Found a hide-covered altar of Uskayaw.
  3223 | D:4      | Found a glowing golden altar of the Shining One.
  3431 | D:5      | Entered Level 5 of the Dungeon
  3648 | D:5      | Found a staircase to the Ecumenical Temple.
  3659 | Temple   | Entered the Ecumenical Temple
  3828 | Temple   | Became a worshipper of Warmaster Okawaru
  3905 | D:5      | Reached skill level 7 in Axes
  4516 | D:5      | Noticed Prince Ribbit
  4528 | D:5      | Killed Prince Ribbit
  4528 | D:5      | Reached * piety under Okawaru
  4529 | D:5      | Reached skill level 8 in Axes
  4529 | D:5      | Reached XP level 8. HP: 26/68 MP: 8/8
  4917 | D:5      | Noticed Eustachio
  4932 | D:5      | Killed Eustachio
  4933 | D:5      | Reached skill level 1 in Invocations
  5024 | D:5      | Found a runed translucent door.
  5025 | D:5      | Noticed Crazy Yiuf
  5582 | D:6      | Reached skill level 9 in Axes
  6256 | D:6      | Identified the +3 flail "Ziuli" {freeze, Int+4 Dex+7}
  6842 | D:7      | Found a glowing silver altar of Zin.
  7007 | D:7      | Reached skill level 10 in Axes
  7007 | D:7      | Reached XP level 9. HP: 53/73 MP: 10/10
  7213 | D:7      | Reached ** piety under Okawaru
  7223 | D:7      | Reached skill level 1 in Dodging
  7953 | D:8      | Noticed Psyche
  7965 | D:8      | Killed Psyche
  7966 | D:8      | Reached skill level 11 in Axes
  8106 | D:8      | Noticed a two-headed ogre
  8126 | D:8      | Killed a two-headed ogre
  8126 | D:8      | Reached *** piety under Okawaru
  8457 | D:8      | Found a bloodstained altar of Trog.
  8519 | D:8      | Found an ancient bone altar of Kikubaaqudgha.
  8894 | D:8      | Reached XP level 10. HP: 81/81 MP: 11/11
  8901 | D:8      | Noticed Maggie
  8922 | D:8      | Killed Maggie
  8923 | D:8      | Reached skill level 12 in Axes
  9236 | D:8      | Found a sparkling altar of Nemelex Xobeh.
  9248 | D:8      | Found an ornate altar of the Wu Jian Council.
  9784 | D:9      | Identified the +9 giant club of Prescription {freeze, rC-
                  | rN+ Dex+2}
 10293 | D:10     | Entered Level 10 of the Dungeon
 10540 | D:10     | Reached **** piety under Okawaru
 10646 | D:10     | Noticed Sonja
 10662 | D:10     | Killed Sonja
 10663 | D:10     | Reached skill level 13 in Axes
 10663 | D:10     | Reached skill level 5 in Invocations
 11044 | D:10     | Found a staircase to the Lair.
 11044 | D:10     | Noticed a fire dragon
 11060 | D:10     | Killed a fire dragon
 11254 | D:10     | Found a blossoming altar of Fedhas.
 11411 | D:10     | Found Yghueg's Armour Shoppe.
 11420 | D:10     | Bought a +1 pair of gloves of dexterity for 264 gold pieces
 11425 | D:10     | Bought a +0 helmet for 72 gold pieces
 11476 | D:11     | Noticed a five-headed hydra
 11514 | D:11     | Found a runed translucent gate.
 11515 | D:11     | Noticed a gargoyle
 11532 | D:11     | Killed a gargoyle
 11533 | D:11     | Reached XP level 11. HP: 23/89 MP: 8/15
 11536 | D:11     | HP: 3/89 [troll (10)]
 11661 | D:11     | Found a runed translucent gate.
 11662 | D:11     | Found a runed translucent gate.
 11913 | D:11     | Found a stormy altar of Qazlal.
 11967 | D:11     | Found a portal to a secret trove of treasure.
 12043 | D:11     | Noticed Redcow54321's ghost (novice TrFi)
 12109 | Lair:1   | Entered Level 1 of the Lair of Beasts
 12118 | Lair:1   | Noticed Nergalle
 12122 | Lair:1   | Killed Nergalle
 12123 | Lair:1   | Reached skill level 14 in Axes
 12131 | Lair:1   | Reached ***** piety under Okawaru
 12177 | Lair:1   | Found a gate leading to a gauntlet.
 12186 | Gauntlet | Entered a Gauntlet
 12186 | Gauntlet | Noticed a sixfirhy
 12186 | Gauntlet | Found a transporter.
 12186 | Gauntlet | Found a runed translucent gate.
 12186 | Gauntlet | Found a transporter.
 12188 | Gauntlet | Found a runed translucent gate.
 12189 | Gauntlet | Found a runed translucent gate.
 12192 | Gauntlet | Noticed a tengu warrior
 12204 | Gauntlet | Found a transporter.
 12208 | Gauntlet | Found a transporter.
 12216 | Gauntlet | Found a transporter.
 12216 | Gauntlet | Noticed a catoblepas
 12220 | Gauntlet | Found a transporter.
 12224 | Gauntlet | Noticed a death drake
 12228 | Gauntlet | Found a transporter.
 12241 | Gauntlet | Noticed a red ugly thing
 12241 | Gauntlet | Noticed a purple ugly thing
 12242 | Gauntlet | Noticed a great orb of eyes
 12245 | Gauntlet | Found a transporter.
 12259 | Gauntlet | Found a transporter.
 12263 | Gauntlet | Found a transporter.
 12271 | Gauntlet | Found a transporter.
 12275 | Gauntlet | Found a transporter.
 12455 | Gauntlet | Killed a tengu warrior
 12511 | Gauntlet | Killed a catoblepas
 12620 | Gauntlet | Noticed an oklob plant
 12644 | Gauntlet | Killed a death drake
 12656 | Gauntlet | Identified the ring of Charity {rCorr Str+3 Int+4}
 12722 | Gauntlet | Noticed a minotaur
 12743 | Gauntlet | HP: 3/92 [minotaur/arrow (15)]
 12743 | Gauntlet | Shot with an arrow by a minotaur

Illustrated notes

Levels and vault maps discovered:
D:1:      ncdulo_wetmaze, layout_basic, serial_shops, shop
D:2:      layout_loops_ring, ebering_ecumenical_altar_abandoned, uniq_natasha
D:3:      layout_loops_ring
D:4:      layout_gridville, gammafunk_temple_overflow_pools, uniq_grinder
D:5:      layout_loops_ring, temple_hall, grunt_decor_arrowhead,
          amethyst_killhole, kennysheep_potato, uniq_crazy_yiuf_cottage,
          uniq_eustachio, uniq_prince_ribbit1
D:6:      layout_basic
D:7:      layout_loops_ring, mainiacjoe_overflow_alcove_4,
          kennysheep_generic_room_8
D:8:      layout_basic, nicolae_overflow_quartered_altars, uniq_maggie,
          uniq_psyche
D:9:      layout_stronghold
D:10:     layout_basic, mainiacjoe_overflow_tiny_flanked,
          minmay_lair_entry_lava, serial_shops, nicolae_shop_crystal, uniq_sonja
D:11:     layout_rooms, nicolae_trove_entry_columns, gammafunk_ghost_necromancy,
          grunt_qazlal_sundering
Temple:   eino_narrow_crystal_temple
Lair:1:   layout_chaotic_city, gauntlet_entry_generic, uniq_nergalle
Gauntlet: minmay_gauntlet_77_indecision [minmay_gauntlet_arena_77_run_for_it,
          minmay_gauntlet_arena_77_museum,
          minmay_gauntlet_arena_77_terracotta_army,
          minmay_gauntlet_arena_77_block_sizes, minmay_gauntlet_arena_77_braids,
          minmay_gauntlet_arena_77_fan, dreamdust_gauntlet_exit_labyrinth]

Skill      XL: |  1  2  3  4  5  6  7  8  9 10 11 |
---------------+----------------------------------+-----
Axes           | 3 4 5 6 8 10 11 13 14 | 14.9
Fighting       | 4 5 6 7 8 |  8.5
Invocations    | 2 5 7 |  7.6
Armour         | 4 |  4.0
Dodging        | 3 4 |  4.0
Shields        | |  2.4

Action                   |  1- 3 |  4- 6 |  7- 9 | 10-12 || total
-------------------------+-------+-------+-------+-------++-------
Melee: War axe           |    72 |    71 |   304 |   335 ||   782
       Tailslap          |     3 |     7 |    41 |    66 ||   117
Throw: Dart              |       |     7 |    13 |       ||    20
       Throwing net      |       |       |     1 |     1 ||     2
Invok: Heroism           |       |       |       |    16 ||    16
       Finesse           |       |       |       |     6 ||     6
 Abil: Rolling Charge    |    16 |    27 |    49 |    32 ||   124
  Use: Scroll            |     3 |     5 |    11 |     5 ||    24
       Potion            |     2 |     2 |     5 |     3 ||    12
 Stab: Distracted        |       |     1 |       |       ||     1
Armor: Scale mail        |    24 |    25 |    62 |       ||   111
       Chain mail        |       |       |    28 |       ||    28
       Steam dragon scal |       |       |    19 |    28 ||    47
       Swamp dragon scal |       |       |       |    69 ||    69
Dodge: Dodged            |    30 |    26 |    83 |    90 ||   229
Block: Buckler           |    14 |    13 |    64 |    74 ||   165

Table legend: (Time is in decaauts)
 A = Elapsed time spent in this place.
 B = Non-inter-level travel time spent in this place.
 C = Inter-level travel time spent in this place.
 D = Time resting spent in this place.
 E = Time spent auto-exploring this place.
 F = Levels seen in this place.
 G = Mean time per level.
                   A        B        C        D        E       F      G
               +--------+--------+--------+--------+--------+-----+--------+
         Total |  12649 |  12115 |    534 |   2786 |   7409 |  14 |  903.5 |
       Dungeon |  11884 |  11407 |    477 |   2701 |   7092 |  11 | 1080.4 |
        Temple |    184 |    170 |     14 |      0 |    161 |   1 |  184.0 |
          Lair |     73 |     30 |     43 |      2 |      0 |   1 |   73.0 |
      Gauntlet |    506 |    506 |      0 |     83 |    156 |   1 |  506.0 |
               +--------+--------+--------+--------+--------+-----+--------+

Top non-repeatable levels by time:
     D:5: 1820 daAuts
     D:8: 1642 daAuts
    D:10: 1312 daAuts
     D:6: 1209 daAuts
     D:4: 992 daAuts
     D:7: 983 daAuts
     D:9: 964 daAuts
     D:2: 944 daAuts
     D:1: 839 daAuts
     D:3: 720 daAuts
Gauntlet: 506 daAuts
    D:11: 454 daAuts
  Temple: 184 daAuts
  Lair:1: 73 daAuts
